 Dungeon Crawl Stone Soup version 0.31-a0-435-g2c6fae2916 (webtiles) character file.

Game seed: 4817887613648375543

165 Dirtsage the Changeling (level 5, -2/34 HPs)
             Began as an Octopode Shapeshifter on Aug 2, 2023.
             Was an Initiate of the Shining One.
             Slain by an orc priest
             ... wielding a +2 mace of holy wrath
              (8 damage)
             ... on level 4 of the Dungeon.
             The game lasted 00:07:49 (2532 turns).

Dirtsage the Changeling (Octopode Shapeshifter)     Turns: 2532, Time: 00:07:50

Health: -2/34      AC:  1    Str: 17    XL:     5   Next: 46%
Magic:  5/5        EV: 12    Int: 16    God:    the Shining One [......]
Gold:   155        SH:  3    Dex: 12    Spells: 4/4 levels left

rFire   . .          .
                       - Unarmed
rCold   . . .        u - +0 buckler
rNeg    . . .        (helmet currently unavailable)
rPois   .            (no amulet)
rElec   .            j - ring of willpower
rCorr   .            W - ring of wizardry
SInv    .            w - +6 ring of intelligence
Will    +....        (no ring)
Stlth   +            (no ring)
HPRegen 0.25/turn    (no ring)
MPRegen 0.09/turn    (no ring)
                     (no ring)

%: wizardry (x1)
@: beast-form, glowing
A: beast (slay +3), almost no armour, amphibious, 8 rings, camouflage 1,
gelatinous body 1, (nimble swimmer 1), tentacles
a: Begin Untransformation, Renounce Religion


You were on level 4 of the Dungeon.
You worshipped the Shining One.
The Shining One was noncommittal.
You were a hulking beast.
You visited 2 branches of the dungeon, and saw 5 of its levels.

You collected 155 gold pieces.

Inventory:

Missiles
 m - 6 javelins
Armour
 o - a +0 kite shield
 u - a +0 buckler (worn)
Jewellery
 j - a ring of willpower (left tentacle)
 w - a +6 ring of intelligence (on tentacle)
 W - a ring of wizardry (right tentacle)
Talismans
 b - a beast talisman (active)
 r - a beast talisman (active)
Scrolls
 a - 2 scrolls of revelation {unknown}
 c - a scroll of torment {unknown}
 d - a scroll of noise {unknown}
 f - 2 scrolls of fog {unknown}
 g - 5 scrolls of identify {unknown}
 h - 3 scrolls of teleportation {unknown}
 k - a scroll of enchant armour {unknown}
 p - a scroll of vulnerability {unknown}
 x - a scroll of enchant weapon {unknown}
Potions
 e - a potion of brilliance {unknown}
 i - 2 potions of curing {unknown}
 l - 2 potions of might {unknown}
 n - a potion of berserk rage {unknown}
 q - 2 potions of enlightenment {unknown}
 s - a potion of mutation {unknown}
 t - a potion of cancellation {unknown}
 v - a potion of resistance {unknown}


   Skills:
 + Level 1.8 Fighting
 - Level 2.0 Dodging
 + Level 3.4 Unarmed Combat
 * Level 4.8 Shapeshifting


You had 4 spell levels left.
You didn't know any spells.
Your spell library contained the following spells:

 Spells                   Type           Power      Damage    Failure   Level
 Freeze                   Ice            0%         1d3       13%         1
 Frozen Ramparts          Ice            0%         1d1       36%         3
 Hailstorm                Conj/Ice       0%         3d3       36%         3


Dungeon Overview and Level Annotations

Branches:
Dungeon (4/15)             Temple (1/1) D:4

Altars:
Ashenzari
Cheibriados
Dithmenos
Elyvilon
Fedhas
Gozag
Hepliaklqana
Kikubaaqudgha
Makhleb
Okawaru
Qazlal
Ru
Sif Muna
Uskayaw
Vehumet
Wu Jian
Xom
Yredelemnul
Zin
The Shining One


Innate Abilities, Weirdness & Mutations

You are a hulking beast.
Your limbs bulge with bestial killing power. (Slay +3)
You cannot wear most types of armour.
You are amphibious.
You can wear up to eight rings at the same time.
Your skin changes colour to match your surroundings (Stealth+).
Your rubbery body absorbs attacks. (AC +1, EV +1)
((You are camouflaged when in or above water. (Stealth+)))
You have tentacles for arms and can constrict up to eight enemies at once.


Message History

You kill the orc!
An orc priest comes into view. It is wielding a +2 mace of holy wrath.
Things that are here:
a +0 hand axe; a throwing net; an orc corpse An orc comes into view.
It is wielding a +0 falchion.
The orc throws a boomerang.
The boomerang closely misses you.
There is an open door here.
The orc priest shouts!
The orc hits you with a +0 falchion!
You take 7 damage, and have 20/34 hp.
MASSIVE DAMAGE!!
You bludgeon the orc!
You kill the orc!
An adder comes into view.
The orc priest misses you.
Things that are here:
a +0 falchion; 3 boomerangs You tentacle-slap the orc priest but do no damage.
You grab the orc priest.
You constrict the orc priest, but do no damage.
An orc comes into view.
It is wielding a +1 flail of distortion.
The orc priest hits you with a +2 mace of holy wrath!
You take 7 damage, and have 14/34 hp.
MASSIVE DAMAGE!!
You tentacle-slap the orc priest.
You squeeze the orc priest, but do no damage.
The orc priest is lightly wounded.
You constrict the orc priest. The orc priest barely misses you.
An orc comes into view. It is wielding a +0 mace.
You tentacle-slap the orc priest but do no damage.
The orc priest is lightly wounded.
You constrict the orc priest.
The orc priest hits you with a +2 mace of holy wrath!
* * * LOW HITPOINT WARNING * * *
An orc wizard comes into view. It is wielding a +0 dagger.
You take 8 damage, and have 6/34 hp.
MASSIVE DAMAGE!!
You tentacle-slap the orc priest but do no damage.
You squeeze the orc priest, but do no damage.
The orc priest is heavily wounded.
You constrict the orc priest. You block the orc's attack.
The orc priest hits you with a +2 mace of holy wrath!
You die...

###### ######
#....# #....#
#....# #....#
#....# #....#
#....#
#....#####....##
+....'.)......>#
#..o.#####.....#
#..h.# #.....#
#.......oo#
#.....#####
#+#######.#
#####...... '#
#.##### ..
##'#### ...
#.....# .S.#
#.....# ...#
#.....# #.....#


You could see an orc priest and 2 orcs.

Vanquished Creatures
  An iguana (D:4)
  Robin (D:2)
  4 gnolls (D:3)
  An adder (D:2)
  A worm (D:3)
  2 orcs (D:4)
  7 bats
  8 endoplasms
  3 giant cockroaches
  15 goblins
  4 hobgoblins
  3 jackals (D:4)
  2 quokkas
  8 ball pythons
  6 frilled lizards
  6 kobolds
  6 rats
78 creatures vanquished.

Notes
Turn   | Place    | Note
-------+----------+-------------------------------------------
     0 | D:1      | Dirtsage the Octopode Shapeshifter began the quest for the
                  | Orb.
     0 | D:1      | Reached XP level 1. HP: 13/13 MP: 1/1
   274 | D:1      | Reached XP level 2. HP: 17/18 MP: 2/2
   457 | D:1      | Found a faded altar of an unknown god.
   764 | D:2      | Reached XP level 3. HP: 20/23 MP: 3/3
  1026 | D:2      | Noticed Robin
  1045 | D:2      | Reached skill level 4 in Shapeshifting
  1054 | D:2      | Killed Robin
  1242 | D:2      | Reached XP level 4. HP: 27/28 MP: 4/4
  1722 | D:3      | Reached XP level 5. HP: 13/33 MP: 5/5
  2224 | D:4      | Found a staircase to the Ecumenical Temple.
  2230 | Temple   | Entered the Ecumenical Temple
  2287 | Temple   | Became a worshipper of the Shining One
  2532 | D:4      | Slain by an orc priest

Illustrated notes

Levels and vault maps discovered:
D:1:      dpeg_arrival_pits, layout_basic, ebering_ecumenical_altar_box,
          grunt_decor_cap, st_stairs_10
D:2:      layout_rooms, st_stairs_3, minmay_misc_feat_five, uniq_robin
D:3:      layout_basic
D:4:      layout_basic, trog_butcher_becter, minmay_temple_entry_grid
Temple:   mainiacjoe_temple_cubbyholes

Skill      XL: |  1  2  3 |
---------------+----------+-----
Shapeshifting  | 4 |  4.8
Fighting       | |  1.8
Dodging        | |  2.0
Unarmed Combat | |  3.4

Action                     |  1- 3 |  4- 6 || total
---------------------------+-------+-------++-------
  Melee: Unarmed           |    97 |    50 ||   147
         Constrict         |    22 |    15 ||    37
         Tentacles         |     8 |    14 ||    22
         Punch             |     2 |     7 ||     9
  Throw: Javelin           |       |     1 ||     1
    Use: Potion            |     1 |       ||     1
   Stab: Sleeping          |     5 |     2 ||     7
 Armour: Skin              |    26 |     3 ||    29
  Dodge: Dodged            |    53 |    25 ||    78
  Block: Buckler           |       |     3 ||     3

Table legend: (Time is in decaauts)
 A = Elapsed time spent in this place.
 B = Non-inter-level travel time spent in this place.
 C = Inter-level travel time spent in this place.
 D = Time resting spent in this place.
 E = Time spent auto-exploring this place.
 F = Levels seen in this place.
 G = Mean time per level.
                   A        B        C        D        E       F      G
               +--------+--------+--------+--------+--------+-----+--------+
         Total |   2521 |   2357 |    164 |    227 |   1649 |   5 |  504.2 |
       Dungeon |   2408 |   2348 |     60 |    227 |   1649 |   4 |  602.0 |
        Temple |    112 |      8 |    104 |      0 |      0 |   1 |  112.0 |
               +--------+--------+--------+--------+--------+-----+--------+

Top non-repeatable levels by time:
     D:3: 830 daAuts
     D:1: 750 daAuts
     D:2: 571 daAuts
     D:4: 256 daAuts
  Temple: 112 daAuts
